Map: Nightshade LE

Players

DRG - Winner!

  • Race: Zerg Zerg
  • League: Master
  • Spawn Location: 5:00

Bomber

  • Race: Terran Terran
  • Spawn Location: 11:00

VOD

Have the link to the VOD?

Description

Time

  • Played on: Jan. 15, 2020, 5:33 a.m.
  • Length: 9:38
Show
View Real Time Build Order
Export as new Build Order

DRG Zerg - Winner!

Build Orders: Hatch First, Muta Ling Bane 

Get SALT Encoding   

  12  0:01  Drone  
  13  0:12  Overlord  
  13  0:17  Drone  
  14  0:30  Drone  
  14  0:31  Drone  
  16  0:47  Hatchery  
  15  0:50  Drone  
  15  0:54  Drone  
  17  0:57  Drone  
  18  1:07  Extractor  
  17  1:13  Spawning Pool  
  17  1:15  Drone  
  17  1:18  Drone  
  18  1:27  Drone  
  19  1:38  Drone  
  20  1:49  Drone  
  21  1:59  Queen x2  
  21  2:00  Zergling x4  
  27  2:07  Metabolic Boost  
  27  2:10  Overlord  
  27  2:12  Drone  
  28  2:27  Hatchery  
  27  2:32  Drone  
  27  2:33  Drone  
  29  2:38  Drone x2  
  31  2:47  Queen  
  33  2:53  Overlord  
  33  2:55  Drone  
  34  2:58  Drone  
  34  3:00  Drone  
  34  3:04  Pneumatized Carapace  
  36  3:09  Overlord  
  36  3:12  Drone  
  37  3:13  Drone  
  37  3:15  Drone  
  39  3:20  Drone x2  
  39  3:23  Drone  
  42  3:27  Queen  
  42  3:30  Drone  
  45  3:36  Drone x2  
  45  3:39  Overlord  
  47  3:46  Queen  
  49  3:49  Queen  
  49  3:51  Zergling x4  
  49  3:54  Drone  
  54  3:56  Drone x2  
  54  3:58  Drone  
  54  4:00  Drone  
  58  4:03  Drone x2  
  58  4:07  Drone x2  
  62  4:11  Drone x2  
  62  4:14  Overlord  
  64  4:21  Overlord  
  64  4:26  Evolution Chamber  
  64  4:28  Evolution Chamber  
  64  4:29  Extractor  
  64  4:30  Overlord  
  61  4:33  Drone x2  
  61  4:34  Drone x2  
  61  4:35  Drone  
  61  4:36  Overlord  
  66  4:41  Drone x3  
  66  4:42  Drone x3  
  72  4:46  Drone  
  72  4:52  Drone x3  
  76  4:54  Zerg Ground Armor Level 1, Zerg Melee Weapons Level 1  
  76  4:57  Drone x3  
  79  5:04  Drone x4  
  83  5:07  Extractor, Drone x2  
  83  5:08  Extractor  
  83  5:13  Lair, Extractor  
  82  5:15  Extractor, Drone x2  
  82  5:16  Drone  
  82  5:18  Drone x3  
  87  5:24  Baneling Nest  
  87  5:27  Zergling x4, Hatchery  
  87  5:34  Zergling x2  
  88  5:37  Zergling x4  
  88  5:39  Overlord x2  
  90  5:44  Overlord  
  90  5:48  Overlord  
  90  5:58  Zergling x14  
  90  5:59  Hatchery  
  90  6:03  Zergling x4  
  98  6:09  Zergling x14  
  105  6:12  Centrifical Hooks  
  105  6:13  Baneling x2  
  105  6:14  Baneling x4  
  105  6:17  Spire, Zergling x2  
  105  6:20  Zergling x8  
  105  6:24  Zergling x2  
  110  6:31  Zergling x2  
  110  6:32  Zergling x4  
  113  6:35  Zergling x2  
  113  6:38  Overlord x2  
  114  6:49  Zerg Melee Weapons Level 2, Zerg Ground Armor Level 2  
  114  6:54  Overlord  
  114  7:07  Overlord x2  
  114  7:08  Drone, Overlord  
  113  7:09  Drone x6  
  113  7:15  Queen  
  120  7:16  Overlord  
  120  7:17  Overlord  
  122  7:28  Mutalisk x9  
  140  7:32  Baneling  
  140  7:33  Baneling x6  
  140  7:36  Zergling x4  
  142  7:40  Zergling x16  
  150  7:45  Zergling x8  
  150  7:50  Baneling x12  
  154  7:53  Zergling x10  
  154  7:58  Zergling x4  
  161  8:00  Baneling x2  
  159  8:06  Zergling x2  
  159  8:07  Zergling x10  
  159  8:10  Baneling x7  
  164  8:14  Overlord x2  
  164  8:16  Zergling x12  
  170  8:24  Zergling x12  
  170  8:26  Overlord  
  176  8:29  Overlord  
  176  8:31  Baneling  
  176  8:32  Baneling x11  
  176  8:35  Zergling x2  
  176  8:36  Zergling x8  
  176  8:41  Zergling x4  
  183  8:44  Zergling x10  
  183  8:46  Baneling x8  
  188  8:50  Zergling x10  
  188  8:52  Baneling x5  
  193  8:56  Zergling x6  
  193  9:00  Zergling x4  
  185  9:02  Baneling  
  185  9:03  Baneling x5  
  185  9:07  Zergling x10  
  170  9:14  Zergling x12  
  148  9:17  Zergling x6  
  148  9:18  Zergling x4  
Show
View Real Time Build Order
Export as new Build Order

Bomber Terran 

Build Orders: Reaper Expand 

Get SALT Encoding   

  12  0:00  SCV  
  13  0:12  SCV  
  14  0:17  Supply Depot  
  14  0:24  SCV  
  15  0:39  SCV  
  15  0:40  Barracks  
  16  0:44  Refinery  
  16  0:51  SCV  
  17  1:03  SCV  
  18  1:15  SCV  
  19  1:27  Orbital Command, Reaper  
  20  1:38  Command Center  
  20  1:46  Supply Depot  
  20  1:53  SCV  
  21  1:59  Marine  
  22  2:05  SCV  
  22  2:07  Factory  
  23  2:11  Refinery  
  23  2:18  SCV  
  23  2:21  Barracks Reactor  
  24  2:30  SCV  
  25  2:42  SCV  
  26  2:51  Starport, Orbital Command  
  26  2:54  SCV  
  27  3:02  Hellion x2  
  27  3:04  Barracks Tech Lab  
  31  3:06  SCV  
  31  3:11  Supply Depot  
  32  3:17  SCV  
  32  3:18  SCV  
  34  3:23  Hellion x2  
  38  3:27  Marine, Stimpack  
  38  3:29  SCV  
  38  3:31  SCV  
  41  3:34  Viking  
  43  3:41  SCV  
  43  3:43  SCV  
  46  3:51  Supply Depot  
  46  3:53  SCV  
  46  3:55  SCV  
  47  4:00  Marine  
  48  4:05  SCV  
  48  4:07  SCV  
  50  4:12  Command Center  
  50  4:17  SCV  
  50  4:18  Marine  
  50  4:19  SCV  
  50  4:20  Starport Reactor  
  50  4:22  Supply Depot  
  55  4:25  Engineering Bay  
  55  4:30  SCV  
  56  4:35  SCV, Barracks  
  55  4:42  SCV  
  55  4:43  Marine  
  55  4:44  Factory Tech Lab  
  57  4:46  Refinery  
  57  4:47  SCV  
  57  4:48  Barracks  
  57  4:49  Barracks  
  57  4:50  Terran Infantry Weapons Level 1  
  58  4:54  SCV, Supply Depot  
  58  4:59  SCV  
  60  5:02  Marine  
  60  5:06  SCV, Siege Tank  
  65  5:09  Starport Reactor, Barracks  
  65  5:11  SCV  
  65  5:13  Refinery  
  66  5:18  SCV  
  66  5:20  Combat Shield  
  67  5:23  SCV  
  67  5:25  Orbital Command  
  67  5:27  Marine x2  
  70  5:28  Marine  
  70  5:29  Supply Depot  
  70  5:30  SCV  
  70  5:35  SCV, Barracks Reactor  
  73  5:37  Barracks Reactor  
  73  5:45  Marine x2  
  73  5:46  SCV  
  73  5:47  Marine  
  80  5:57  Medivac, Siege Tank  
  80  5:58  Medivac, Barracks  
  80  5:59  Barracks  
  80  6:01  SCV, Orbital Command  
  80  6:02  SCV  
  80  6:03  Marine x2  
  88  6:07  Marine, Missile Turret  
  88  6:08  Marine x2  
  91  6:12  Marine x2  
  91  6:13  SCV  
  91  6:14  SCV  
  95  6:18  Supply Depot  
  95  6:20  Marine x2  
  95  6:21  Marine  
  95  6:24  Supply Depot  
  95  6:25  SCV  
  99  6:28  SCV  
  99  6:29  SCV  
  101  6:40  Marine x4, Medivac x2  
  101  6:42  Supply Depot x2  
  101  6:46  Marine x4  
  113  6:48  Barracks Reactor  
  113  6:49  Barracks Reactor  
  113  6:51  Supply Depot  
  112  6:58  Supply Depot  
  112  6:59  Supply Depot x2  
  112  7:00  Terran Infantry Armor Level 1  
  112  7:03  Marine, Siege Tank  
  112  7:07  SCV x3  
  119  7:08  Marine x3  
  119  7:12  Marine x3  
  125  7:16  Medivac x2  
  125  7:17  Marine  
  125  7:22  Marine x2  
  132  7:24  Marine x2  
  132  7:26  Marine x4  
  132  7:29  Marine, Supply Depot  
  138  7:30  Marine x2  
  138  7:31  Marine  
  138  7:35  Marine, Siege Tank  
  146  7:40  Marine x2  
  146  7:42  Marine x2  
  146  7:44  Marine x4  
  150  7:47  Marine  
  150  7:48  Marine x2  
  150  7:50  Supply Depot  
  157  7:52  Supply Depot  
  157  7:53  Marine, Supply Depot  
  157  7:56  Marine  
  157  7:57  Marine  
  157  7:58  Marine  
  161  8:00  Marine x2, Medivac  
  165  8:11  Marine x8  
  173  8:14  Marine, Siege Tank  
  173  8:15  Marine  
  177  8:20  Supply Depot x2  
  177  8:21  Marine  
  177  8:22  Marine x2  
  176  8:29  Marine x6  
  176  8:33  Marine  
  176  8:34  Marine  
  180  8:37  Marine x2  
  180  8:39  Marine x2  
  180  8:40  Marine  
  184  8:41  Medivac x2  
  184  8:46  Siege Tank  
  191  8:53  Marine x2  
  191  8:54  Marine x2  
  195  9:00  Marine x3  
  195  9:02  Marine x2  
  189  9:06  Marine x2  
  167  9:13  Marine x4  
  167  9:14  Marine  
  167  9:16  Marine  
  99  9:17  Marine  
  99  9:19  Marine x2  
Tags
 
Add a new tag
Caveats
  • Supply blocks, unpowered buildings, or Contaminate may cause inaccurate times.
  • Supply counts are checked every 10 seconds.